 Dungeon Sprint DCSS version 0.30-a0-870-gc5d4c5acee (webtiles) character file.

Game seed: 9833874655284757009

466 rocky1 the Unseen (level 7, -3/57 HPs)
             Began as a Formicid Brigand on Mar 12, 2023.
             Was an Initiate of Okawaru.
             Slain by a killer bee (4 damage)
             ... in the Dungeon (Sprint IV: "Fedhas' Mad Dash").
             The game lasted 00:04:05 (595 turns).

rocky1 the Unseen (Formicid Brigand)                 Turns: 595, Time: 00:04:05

Health: -3/57      AC:  5    Str: 15    XL:     7   Next: 30%
Magic:  8/10       EV: 12    Int: 11    God:    Okawaru [......]
Gold:   74         SH:  0    Dex: 17    Spells: 6/6 levels left

rFire   . . .      SeeInvis +    a - +2 dagger
rCold   . . .      Faith    .    (no shield)
rNeg    . . .      Spirit   .    b - +0 robe
rPois   .          Reflect  .    (helmet unavailable)
rElec   .          Rampage  .    c - +0 cloak
rCorr   .                        l - +1 pair of gloves
Will    .....                    (no boots)
Stlth   ++++++                   j - amulet of invisibility {+Inv}
HPRegen 0.29/turn                (no ring)
MPRegen 0.12/turn                (no ring)

@: lethally poisoned (-3 -> -13), very slightly contaminated
A: permanent stasis, dig shafts and tunnels, antennae 3, four strong arms
a: Dig, Renounce Religion, Evoke Invisibility


You were in the Dungeon.
You worshipped Okawaru.
Okawaru was noncommittal.
You visited 1 branch You collected 74 gold pieces.

Inventory:

Hand Weapons
 a - a +2 dagger (weapon)
Missiles
 d - 9 poisoned darts (quivered)
 e - 3 curare-tipped darts
Armour
 b - a +0 robe (worn)
 c - a +0 cloak (worn)
 l - a +1 pair of gloves (worn)
Jewellery
 j - the amulet of invisibility (around neck) {+Inv}
   (You found it in the Dungeon)

   [amulet of nothing]

   +Inv:      It lets you turn invisible.
Scrolls
 i - a scroll of blinking
 k - a scroll of magic mapping {unknown}
Potions
 f - a potion of curing
 g - a potion of heal wounds
 h - 2 potions of magic


   Skills:
 + Level 5.8 Fighting
 + Level 5.3 Short Blades
 - Level 2.3 Throwing
 + Level 1.3 Dodging
 * Level 15.3 Stealth
 * Level 4.2 Invocations
 * Level 4.0 Evocations


You had 6 spell levels left.
You didn't know any spells.
Your spell library was empty.

Dungeon Overview and Level Annotations

Branches:
Dungeon (1/1)

Altars:
Cheibriados
Dithmenos
Elyvilon
Gozag
Hepliaklqana
Kikubaaqudgha
Makhleb
Nemelex Xobeh
Okawaru
Qazlal
Ru
Sif Muna
Trog
Uskayaw
Vehumet
Wu Jian
Xom
Yredelemnul
Zin
The Shining One
Jiyva
Lugonu


Innate Abilities, Weirdness & Mutations

You cannot be hasted, slowed, berserked, paralysed or teleported.
You can dig through walls and to a lower floor.
You have a pair of large antennae on your head. (SInv)
Your four strong arms can wield two-handed weapons with a shield.


Message History

The killer bee barely misses you. The killer bee closely misses you.
You miss the killer bee.
The killer bee is heavily wounded.
You feel sick. The killer bee misses you.
Okay, then.
Okay, then.
Okay, then.
Unknown command.
Okay, then.
You closely miss the killer bee.
The killer bee is moderately wounded.
You flicker back into view.
You feel sick. The killer bee misses you.
The killer bee stings you but does no damage.
You closely miss the killer bee.
The killer bee is moderately wounded.
You feel sick. The killer bee misses you. The killer bee stings you.
You are more poisoned.
The killer bee poisons you! The killer bee barely misses you.
The killer bee stings you.
You are more poisoned.
The killer bee poisons you!
Unknown command.
You feel very sick.
The killer bee stings you but does no damage.
The killer bee stings you. The killer bee completely misses you.
You feel very sick.
The killer bee buzzes angrily.
The killer bee stings you.
* * * LOW HITPOINT WARNING * * *
The killer bee stings you.
* * * LOW HITPOINT WARNING * * *
The killer bee stings you.
* * * LOW HITPOINT WARNING * * *
The killer bee attacks as you move away!
The killer bee stings you.
* * * LOW HITPOINT WARNING * * *
x2 You feel very sick.
The killer bee stings you.
You die...

######################
#<..P#.....#.....#.⌠._
#PP..'.$...'.#...'.._.
#PPPP#...†.#.#...#..._
###############'##.._.
#...♣........'...#._._
#..yy@y♣.....#...#####
#.....♣..♣..######
##+####+##### { { { {
{ {


You could see 3 killer bees.

Vanquished Creatures
  A queen bee (D)
  A scorpion (D)
  A killer bee (D)
  4 oklob saplings (D)
  A river rat (D)
  A rat (D)
9 creatures vanquished.

Notes
Turn   | Place    | Note
-------+----------+-------------------------------------------
     0 | D        | rocky1 the Formicid Brigand began the quest for the Orb.
     0 | D        | Reached XP level 1. HP: 16/16 MP: 1/1
    10 | D        | Reached skill level 6 in Stealth
    10 | D        | Reached XP level 2. HP: 24/24 MP: 2/2
    13 | D        | Noticed an oklob sapling
    15 | D        | Killed an oklob sapling
    16 | D        | Reached skill level 7 in Stealth
    16 | D        | Reached XP level 3. HP: 30/30 MP: 3/3
    18 | D        | Noticed a scorpion
    18 | D        | Found the amulet of invisibility {+Inv}
    20 | D        | Killed a scorpion
    21 | D        | Reached skill level 5 in Fighting
    21 | D        | Reached skill level 9 in Stealth
    21 | D        | Reached XP level 4. HP: 39/39 MP: 4/4
    56 | D        | Found an opulent altar of Gozag.
    56 | D        | Found a hazy altar of Hepliaklqana.
    56 | D        | Found a burning altar of Makhleb.
    56 | D        | Found a sparkling altar of Nemelex Xobeh.
    56 | D        | Found a snail-covered altar of Cheibriados.
    56 | D        | Found a sacrificial altar of Ru.
    56 | D        | Found a shimmering blue altar of Sif Muna.
    56 | D        | Found a shimmering altar of Xom.
    56 | D        | Found a basalt altar of Yredelemnul.
    57 | D        | Found a viscous altar of Jiyva.
    57 | D        | Found a bloodstained altar of Trog.
    57 | D        | Found an ornate altar of the Wu Jian Council.
    57 | D        | Noticed an oklob sapling priest
    58 | D        | Found an iron altar of Okawaru.
    58 | D        | Found a shadowy altar of Dithmenos.
    58 | D        | Found a glowing silver altar of Zin.
    59 | D        | Found an ancient bone altar of Kikubaaqudgha.
    59 | D        | Found a hide-covered altar of Uskayaw.
    61 | D        | Found a stormy altar of Qazlal.
    61 | D        | Found a glowing golden altar of the Shining One.
    61 | D        | Found a white marble altar of Elyvilon.
    62 | D        | Found a radiant altar of Vehumet.
    62 | D        | Found a corrupted altar of Lugonu.
    65 | D        | Killed an oklob sapling priest
    66 | D        | Reached skill level 1 in Dodging
    66 | D        | Reached skill level 10 in Stealth
    66 | D        | Reached XP level 5. HP: 44/44 MP: 5/5
    68 | D        | Became a worshipper of Warmaster Okawaru
   302 | D        | Reached skill level 5 in Short Blades
   302 | D        | Reached skill level 11 in Stealth
   302 | D        | Reached skill level 1 in Invocations
   302 | D        | Reached skill level 1 in Evocations
   532 | D        | Reached skill level 12 in Stealth
   532 | D        | Reached XP level 6. HP: 51/51 MP: 7/7
   573 | D        | Noticed a queen bee
   582 | D        | Killed a queen bee
   583 | D        | Reached skill level 15 in Stealth
   583 | D        | Reached XP level 7. HP: 56/57 MP: 7/10
   595 | D        | HP: 1/57 [poisoned by a killer bee]
   595 | D        | Slain by a killer bee

Illustrated notes

Levels and vault maps discovered:
D:        dungeon_sprint_fedhas [sprint_temple]

Skill      XL: |  1  2  3  4  5  6  7 |
---------------+----------------------+-----
Fighting       | 3 4 5 |  5.8
Stealth        | 6 7 9 10 12 15 | 15.3
Short Blades   | 3 4 5 |  5.3
Dodging        | 1 |  1.3
Invocations    | 1 4 |  4.2
Evocations     | 1 3 4 |  4.0
Throwing       | |  2.3

Action                     |  1- 3 |  4- 6 |  7- 9 || total
---------------------------+-------+-------+-------++-------
  Melee: Dagger            |     4 |     6 |     9 ||    19
Ability: Dig               |       |     3 |       ||     3
         Evoke Invisibilit |       |     3 |       ||     3
   Stab: Sleeping          |     4 |     4 |     1 ||     9
 Armour: Robe              |       |       |     3 ||     3
  Dodge: Dodged            |       |     3 |    23 ||    26

Table legend: (Time is in decaauts)
 A = Elapsed time spent in this place.
 B = Non-inter-level travel time spent in this place.
 C = Inter-level travel time spent in this place.
 D = Time resting spent in this place.
 E = Time spent auto-exploring this place.
 F = Levels seen in this place.
 G = Mean time per level.
                   A        B        C        D        E       F      G
               +--------+--------+--------+--------+--------+-----+--------+
         Total |    590 |    590 |      0 |    448 |      0 |   1 |  590.0 |
       Dungeon |    590 |    590 |      0 |    448 |      0 |   1 |  590.0 |
               +--------+--------+--------+--------+--------+-----+--------+

Top non-repeatable levels by time:
       D: 590 daAuts
